 Dungeon Crawl Stone Soup version 0.25.1-1-g288607f5aa (webtiles) character file.

Game seed: 7460702716912817806

115 Kold the Cudgeler (level 4, 0/33 HPs)
             Began as a Demonspawn Gladiator on July 23, 2020.
             Slain by a goblin
             ... wielding a +0 club
              (3 damage)
             ... on level 3 of the Dungeon.
             The game lasted 00:05:35 (2477 turns).

Kold the Cudgeler (Demonspawn Gladiator)            Turns: 2477, Time: 00:05:37

Health: 0/33       AC: 16    Str: 16    XL:     4   Next: 68%
Magic:  4/4        EV: 13    Int:  9    God:
Gold:   184        SH:  0    Dex: 14    Spells: 3/3 levels left

rFire    . . .     SeeInvis .   i - +1 mace (protect)
rCold    . . .     Gourm    .   (no shield)
rNeg     . . .     Faith    .   b - +0 leather armour
rPois    .         Spirit   .   c - +0 helmet
rElec    .         Reflect  .   v - +1 cloak {rCorr}
rCorr    +         Harm     .   (no gloves)
MR       .....                  (no boots)
Stlth    +++.......             (no amulet)
HPRegen  0.11/turn              m - ring of stealth
MPRegen  0.09/turn              (no ring)

@: protection aura
A: slimy green scales 2
a: no special abilities


You were on level 3 of the Dungeon.
You were not hungry.

You visited 1 branch of the dungeon, and saw 3 of its levels.

You collected 184 gold pieces.

Inventory:

Hand Weapons
 a - a +0 flail
 i - a +1 mace of protection (weapon)
Missiles
 d - 3 throwing nets (quivered)
Armour
 b - a +0 leather armour (worn)
 c - a +0 helmet (worn)
 v - a +1 cloak of preservation (worn)
Jewellery
 m - a ring of stealth (left hand)
Wands
 e - a wand of polymorph (5)
 x - a wand of acid (13)
Scrolls
 g - 3 scrolls of enchant weapon {unknown}
 n - a scroll of fear {unknown}
 p - 2 scrolls of remove curse {unknown}
 r - a scroll of magic mapping {unknown}
 s - a scroll of random uselessness
 u - a scroll of teleportation {unknown}
 w - a scroll of amnesia {unknown}
 y - 2 scrolls of identify
 z - a scroll of enchant armour {unknown}
Potions
 h - a potion of stabbing {unknown}
 j - 2 potions of cancellation
 k - a potion of haste {unknown}
 l - a potion of degeneration {unknown}
 o - a potion of curing
 q - a potion of brilliance {unknown}
Comestibles
 f - 5 rations
 t - 4 chunks of flesh


   Skills:
 - Level 2.0 Fighting
 * Level 4.4 Maces & Flails
 - Level 1.7 Throwing
 - Level 3.0 Dodging
 + Level 1.8 Stealth


You had 3 spell levels left.
You didn't know any spells.
Your spell library was empty.

Dungeon Overview and Level Annotations

Branches:
Dungeon (3/15)

Altars:
Fedhas
Wu Jian
Yredelemnul


Innate Abilities, Weirdness & Mutations

You are mostly covered in slimy green scales. (AC +3)


Message History

The orc priest hits you but does no damage.
The goblin hits you with a +0 club. The orc hits you but does no damage.
You hit the orc priest.
The orc priest is moderately wounded.
The orc closely misses you.
The frilled lizard bites you but does no damage.
The orc barely misses you.
The orc priest calls down the wrath of Beogh upon you.
Beogh smites you!
* * * LOW HITPOINT WARNING * * *
The orc hits you but does no damage. The goblin barely misses you.
The orc completely misses you.
As you read the scroll labeled UKKUBU PICSE, it crumbles to dust.
You hear a lullaby played backwards.
It was a scroll of random uselessness.
The frilled lizard barely misses you. The orc priest hits you with a +0 club.
* * * LOW HITPOINT WARNING * * *
The orc completely misses you. The orc hits you but does no damage.
The goblin hits you with a +0 club.
You die...

♣♣.......♣♣ #.#÷...
♣...._....♣ #......
♣♣.........♣♣ ##.#.###
.......%... #..#.#
....... #..#.# # ♣...♣
#....# # ♣♣Z..♣♣
#....###
#♣♣♣♣♣oog..♣♣♣♣♣#.......
..>...o@...............#
......lo...............#
.......................#
....<..................#
######...).............#
###............÷..#
##...............
##.....#........
############.....#.


You could see an orc priest, 3 orcs, a bullfrog zombie, a goblin and a frilled
lizard.

Vanquished Creatures
  Crazy Yiuf (D:2)
  An adder (D:2)
  3 worms
  4 dart slugs
  2 leopard geckos (D:1)
  A giant cockroach (D:2)
  11 goblins
  4 hobgoblins
  5 jackals
  5 kobolds
  2 quokkas (D:3)
  A ball python (D:1)
  9 bats
  3 frilled lizards
  6 rats
58 creatures vanquished.

Notes
Turn   | Place    | Note
-------+----------+-------------------------------------------
     0 | D:1      | Kold the Demonspawn Gladiator began the quest for the Orb.
     0 | D:1      | Reached XP level 1. HP: 16/16 MP: 1/1
    62 | D:1      | Reached skill level 3 in Maces & Flails
    62 | D:1      | Gained mutation: You are partially covered in slimy green
                  | scales. (AC +2) [demonic ancestry]
    62 | D:1      | Reached XP level 2. HP: 5/22 MP: 2/2
  1135 | D:1      | Reached XP level 3. HP: 27/27 MP: 3/3
  1642 | D:2      | Reached skill level 1 in Stealth
  1830 | D:2      | Found a runed translucent door.
  1881 | D:2      | Noticed Crazy Yiuf
  1939 | D:2      | Reached skill level 4 in Maces & Flails
  2029 | D:2      | Killed Crazy Yiuf
  2029 | D:2      | Gained mutation: You are mostly covered in slimy green
                  | scales. (AC +3) [demonic ancestry]
  2029 | D:2      | Reached XP level 4. HP: 33/33 MP: 4/4
  2111 | D:3      | Found an ornate altar of the Wu Jian Council.
  2117 | D:3      | Found a basalt altar of Yredelemnul.
  2118 | D:3      | Found a blossoming altar of Fedhas.
  2465 | D:3      | Found a blossoming altar of Fedhas.
  2477 | D:3      | Slain by a goblin

Illustrated notes

Levels and vault maps discovered:
D:1:      erik_arrival_cave_to_civilisation [erik_arrival_cave_to_hall],
          layout_basic, st_stairs_7
D:2:      layout_rooms, uniq_crazy_yiuf_cottage
D:3:      layout_rooms, gammafunk_temple_overflow_forgotten,
          fedhas_altar_fruit_tree

Skill      XL: |  1  2  3 |
---------------+----------+-----
Maces & Flails | 3 4 |  4.4
Dodging        | 3 |  3.0
Stealth        | 1 |  1.8
Fighting       | |  2.0
Throwing       | |  1.7

Action                   |  1- 3 |  4- 6 || total
-------------------------+-------+-------++-------
Melee: Flail             |   119 |       ||   119
       Mace              |       |    67 ||    67
  Use: Potion            |     3 |       ||     3
       Scroll            |     2 |     1 ||     3
 Stab: Sleeping          |    10 |     3 ||    13
  Eat: Chunk             |     4 |     1 ||     5
Armor: Leather armour    |    26 |    45 ||    71
       Skin              |     4 |       ||     4
Dodge: Dodged            |    72 |    94 ||   166
